 Dungeon Crawl Stone Soup version 0.25-a0-263-g9d16a9d099 (webtiles) character file.

Game seed: 3711615906508972691, levelgen mode: deterministic

33112 Essalna the Fighter (level 13, -12/162 HPs)
             Began as a Demonspawn Berserker on Dec 7, 2019.
             Was a High Priest of Trog.
             Killed from afar by an orc sorcerer (32 damage)
             ... with a bolt of fire
             ... on level 1 of the Orcish Mines.
             The game lasted 00:46:03 (11057 turns).

Essalna the Fighter (Demonspawn Berserker)         Turns: 11057, Time: 00:46:03

Health: -12/162    AC: 14    Str: 31    XL:     13   Next: 35%
Magic:  0/4        EV: 19    Int:  9    God:    Trog [*****.]
Gold:   546        SH:  0    Dex: 17    Spells: 12/12 levels left

rFire    . . .     SeeInvis .   R - +3 triple sword (antimagic)
rCold    . . .     Gourm    .   (shield currently unavailable)
rNeg     . . .     Faith    .   r - +1 leather armour of the Secret Beggars {Regen+ rCorr Dex+4}
rPois    .         Spirit   +   (no helmet)
rElec    .         Reflect  .   B - +0 cloak
rCorr    +         Harm     .   N - +0 pair of gloves
MR       .....                  (no boots)
Stlth    ..........             k - amulet of regeneration
HPRegen  3.17/turn              u - ring "Vylaej" {rCorr Str+4}
MPRegen  0.09/turn              f - +3 ring of protection

@: berserking (expiring), very quick
A: talons 2, slimy green scales 2, powered by death 2, magic shield
a: Berserk, Trog's Hand, Brothers in Arms, Renounce Religion


You were on level 1 of the Orcish Mines.
You worshipped Trog.
Trog was extremely pleased with you.
You were very hungry.

You visited 2 branches of the dungeon, and saw 15 of its levels.
You also visited: Sewer.

You collected 546 gold pieces.

Inventory:

Hand Weapons
 a - a +1 falchion
 E - a +2 scimitar of flaming
 G - a +4 great sword of flaming
 R - a +3 antimagic triple sword (weapon)
Armour
 b - a +0 animal skin
 g - a +0 ring mail
 r - the +1 leather armour of the Secret Beggars (worn) {Regen+ rCorr Dex+4}
   (You found it on level 5 of the Dungeon)

   It affects your dexterity (+4).
   It increases your rate of regeneration.
   It provides partial protection from all sources of acid and corrosion.
 B - a +0 cloak (worn)
 N - a +0 pair of gloves (worn)
Jewellery
 e - an uncursed ring of protection from magic
 f - a +3 ring of protection (right hand)
 i - an uncursed ring of flight
 k - an amulet of regeneration (around neck)
 o - a +1 ring of evasion
 u - the ring "Vylaej" (left hand) {rCorr Str+4}
   (You found it on level 4 of the Dungeon)

   [ring of resist corrosion]

   It affects your strength (+4).
   It provides partial protection from all sources of acid and corrosion.
 v - an uncursed ring of ice
 H - an uncursed ring of positive energy {unknown}
 I - an uncursed ring of resist corrosion {unknown}
 O - an uncursed ring of positive energy {unknown}
Wands
 n - a wand of enslavement (11)
 D - a wand of flame (20)
 L - a wand of iceblast (10)
 P - a wand of disintegration (12)
 S - a wand of polymorph (5)
Scrolls
 l - 7 scrolls of remove curse
 q - 3 scrolls of random uselessness
 x - 7 scrolls of teleportation {unknown}
 y - a scroll of fog {unknown}
 A - 2 scrolls of enchant weapon
 C - 6 scrolls of identify
 K - 3 scrolls of fear
 M - a scroll of acquirement {unknown}
 U - 2 scrolls of holy word {unknown}
 V - a scroll of blinking
 W - a scroll of enchant armour {unknown}
Potions
 d - 13 potions of curing {unknown}
 h - 4 potions of agility {unknown}
 j - 6 potions of heal wounds {unknown}
 m - a potion of cancellation
 p - 3 potions of flight {unknown}
 s - 7 potions of might {unknown}
 t - 2 potions of berserk rage {unknown}
 w - a potion of magic {unknown}
 z - 2 potions of brilliance {unknown}
 F - 2 potions of invisibility
 J - 3 potions of degeneration {unknown}
 Q - a potion of ambrosia {unknown}
Comestibles
 c - 29 rations
 T - 8 chunks of flesh


   Skills:
 + Level 12.2 Fighting
 + Level 11.3 Long Blades
 + Level 11.1 Armour
 + Level 9.7 Dodging


You had 12 spell levels left.
You didn't know any spells.
Your spell library was empty.

Dungeon Overview and Level Annotations

Branches:
Dungeon (14/15)            Temple (0/1) D:5            Lair (0/6) D:11
    Orc (1/2) D:11         Vaults (0/5) D:13          Sewer (visited)

Altars:
Hepliaklqana
Kikubaaqudgha
Okawaru
Trog
Uskayaw
Wu Jian
Yredelemnul

Annotations:
D:11 exclusion: 3 oklob plants


Innate Abilities, Weirdness & Mutations

You have razor-sharp toenails.
You are mostly covered in slimy green scales. (AC +3)
You regenerate health from kills.
When hurt, damage is shared between your health and your magic reserves.


Message History

The orc warrior hits you from afar with a +0 trident.
* * * LOW HITPOINT WARNING * * *
The orc hits you but does no damage. The rust devil hits you.
The orc sorcerer casts a spell.
The sixfirhy hits you but does no damage.
The orc warrior hits you from afar with a +0 trident.
* * * LOW HITPOINT WARNING * * *
The orc hits you but does no damage.
An ogre comes into view. It is wielding a +0 giant spiked club.
The sixfirhy completely misses you.
The ogre shouts!
The orc warrior hits you from afar with a +0 trident.
* * * LOW HITPOINT WARNING * * *
The orc hits you but does no damage.
You can move again.
The orc sorcerer becomes larger for a moment.
The orc sorcerer points at you and mumbles some strange words.
The bolt of fire hits the rust devil.
The rust devil completely resists.
The bolt of fire hits you!!
You die...

.#.......... ..
$.#....#.....##..
......................#.
.......................#
#.......................
#.................$..O..
........#.......)).oo...
..#............@43.O.4..
...#...........#)oo..#.#
.......))<>...#.........
.......)......#........#
.......)).....##........
........#.....###...#..#
##....##......# ...#...
###.#.......## #......
##.........## #...


You could see an orange demon, a rust devil, a sixfirhy, an orc sorcerer, an orc
warrior, 2 ogres and 2 orcs.

Vanquished Creatures
  A fire giant (D:14)
  A frost giant (D:12)
  An ettin (Orc:1)
  A rakshasa (D:14)
  4 hydras
  2 vault guards (D:13)
  A centaur warrior (D:12)
  Erica (D:10)
  4 two-headed ogres
  A tengu warrior (D:12)
  3 skeletal warriors (D:8)
  Pikel (D:4)
  A wolf spider (D:12)
  A wolf spider zombie (D:14)
  2 ugly things (D:12)
  A deep elf mage (D:12)
  A gargoyle (D:10)
  A komodo dragon (D:12)
  4 trolls
  2 hippogriffs
  2 meliai zombies
  A spriggan (D:9)
  Eustachio (D:6)
  5 wyverns
  10 humans (D:13)
  A wraith (D:12)
  5 yaks (D:11)
  A basilisk (D:13)
  2 hungry ghosts
  Menkaure (D:5)
  An acid dragon (D:11)
  4 water moccasins
  3 sky beasts
  16 orc warriors
  4 ice beasts
  2 black bears
  A necrophage (D:10)
  A phantom (D:8)
  2 slaves (D:4)
  An eye of draining (D:12)
  An ogre (D:4)
  21 centaurs
  2 big kobolds
  A crocodile (D:8)
  7 bullfrogs
  A gnoll sergeant (D:11)
  A water moccasin skeleton (D:9)
  4 scorpions
  15 killer bees
  4 wights (D:10)
  5 howler monkeys
  11 crimson imps
  3 centaur zombies
  A quasit (D:12)
  14 hounds
  12 orc priests
  A bullfrog zombie (D:12)
  2 bullfrog skeletons
  2 jellies (D:12)
  13 orc wizards
  3 centaur skeletons
  6 iguanas
  19 worker ants
  A killer bee zombie (D:7)
  A hound zombie (D:10)
  A hound skeleton (D:8)
  7 gnolls
  3 worker ant zombies
  18 adders
  5 river rats
  A howler monkey skeleton (D:10)
  5 shadow imps
  An adder skeleton (D:4)
  3 worms (D:2)
  A dart slug (D:2)
  14 leopard geckos
  64 orcs
  5 giant cockroaches
  9 goblins
  7 hobgoblins
  7 jackals
  26 kobolds
  3 quokkas
  3 ball pythons
  8 bats
  6 frilled lizards
  3 jackal skeletons
  24 rats
473 creatures vanquished.

Vanquished Creatures (others)
  An orc wizard (Orc:1)
1 creature vanquished.

Grand Total: 474 creatures vanquished

Notes
Turn   | Place    | Note
-------+----------+-------------------------------------------
     0 | D:1      | Essalna the Demonspawn Berserker began the quest for the
                  | Orb.
     0 | D:1      | Reached XP level 1. HP: 18/18 MP: 1/1
   489 | D:1      | Gained mutation: You regenerate a little health from kills.
                  | [demonic ancestry]
   489 | D:1      | Reached XP level 2. HP: 24/24 MP: 2/2
   730 | D:1      | Reached ** piety under Trog
   835 | D:2      | Gained mutation: When hurt, damage is shared between your
                  | health and your magic reserves. [demonic ancestry]
   835 | D:2      | Reached XP level 3. HP: 29/29 MP: 3/3
  1097 | D:2      | Gained mutation: You regenerate health from kills. [demonic
                  | ancestry]
  1097 | D:2      | Reached XP level 4. HP: 33/37 MP: 4/4
  1395 | D:3      | Found an iron altar of Okawaru.
  1467 | D:3      | Reached skill level 4 in Fighting
  1483 | D:3      | Reached XP level 5. HP: 26/42 MP: 3/5
  1512 | D:3      | Reached *** piety under Trog
  1867 | D:3      | Reached XP level 6. HP: 39/49 MP: 4/6
  1886 | D:3      | Found a bloodstained altar of Trog.
  2078 | D:4      | Got an ancient pewter ring
  2108 | D:4      | Identified the ring "Vylaej" {rCorr Str+4} (You found it on
                  | level 4 of the Dungeon)
  2295 | D:4      | Found the +3 robe of Folly {Archmagi, MR-- Int+5}
  2295 | D:4      | Noticed a slave
  2297 | D:4      | Noticed a slave
  2297 | D:4      | Noticed a slave
  2298 | D:4      | Noticed Pikel
  2341 | D:4      | Killed a slave
  2364 | D:4      | Killed a slave
  2395 | D:4      | Noticed a slave
  2419 | D:4      | Killed Pikel
  2419 | D:4      | Reached skill level 5 in Fighting
  2419 | D:4      | Reached skill level 5 in Long Blades
  2419 | D:4      | Reached XP level 7. HP: 52/57 MP: 5/7
  2487 | D:4      | Reached skill level 5 in Armour
  2906 | D:5      | Entered Level 5 of the Dungeon
  2984 | D:5      | Found a glowing drain.
  2988 | Sewer    | Entered a sewer
  3070 | Sewer    | Reached skill level 6 in Fighting
  3194 | Sewer    | Reached **** piety under Trog
  3263 | Sewer    | Gained mutation: You are partially covered in slimy green
                  | scales. (AC +2) [demonic ancestry]
  3263 | Sewer    | Reached XP level 8. HP: 60/64 MP: 8/8
  3617 | D:5      | Found a staircase to the Ecumenical Temple.
  3634 | D:5      | Noticed Menkaure
  3642 | D:5      | Killed Menkaure
  3809 | D:5      | Got a slimy leather armour
  3820 | D:5      | Identified the +1 leather armour of the Secret Beggars
                  | {Regen+ rCorr Dex+4} (You found it on level 5 of the
                  | Dungeon)
  4339 | D:6      | Reached skill level 7 in Fighting
  4352 | D:6      | Found a basalt altar of Yredelemnul.
  4476 | D:6      | Noticed Eustachio
  4541 | D:6      | Killed Eustachio
  4770 | D:6      | Gained mutation: You have sharp toenails. [demonic
                  | ancestry]
  4770 | D:6      | Reached XP level 9. HP: 72/72 MP: 9/9
  4973 | D:7      | Found a hide-covered altar of Uskayaw.
  4995 | D:7      | Reached ***** piety under Trog
  4995 | D:7      | Received a gift from Trog
  5075 | D:7      | Found an ornate altar of the Wu Jian Council.
  5459 | D:8      | Found an ancient bone altar of Kikubaaqudgha.
  5575 | D:8      | Reached skill level 8 in Fighting
  5950 | D:8      | Noticed a skeletal warrior
  5951 | D:8      | Noticed a skeletal warrior
  5952 | D:8      | Noticed a skeletal warrior
  5960 | D:8      | Killed a skeletal warrior
  5960 | D:8      | Gained mutation: You are mostly covered in slimy green
                  | scales. (AC +3) [demonic ancestry]
  5960 | D:8      | Reached XP level 10. HP: 80/82 MP: 6/10
  6117 | D:8      | Found a hazy altar of Hepliaklqana.
  6167 | D:8      | Killed a skeletal warrior
  6167 | D:8      | Reached skill level 5 in Dodging
  6172 | D:8      | Killed a skeletal warrior
  6292 | D:9      | Reached skill level 9 in Fighting
  6336 | D:9      | Received a gift from Trog
  6710 | D:9      | Got an ancient buckler
  6724 | D:9      | Identified the +0 buckler of Nihilism {rF+ Int+2 Slay-4
                  | Stlth+} (You found it on level 9 of the Dungeon)
  7075 | D:10     | Entered Level 10 of the Dungeon
  7238 | D:10     | Gained mutation: You have razor-sharp toenails. [demonic
                  | ancestry]
  7238 | D:10     | Reached XP level 11. HP: 55/89 MP: 6/11
  7248 | D:10     | Noticed Erica
  7265 | D:10     | Killed Erica
  7287 | D:10     | HP: 4/90 [ice beast (11)]
  7444 | D:10     | Received a gift from Trog
  8039 | D:11     | Noticed a two-headed ogre
  8043 | D:11     | Killed a two-headed ogre
  8043 | D:11     | Reached skill level 10 in Fighting
  8180 | D:11     | Found a staircase to the Orcish Mines.
  8378 | D:11     | Noticed an oklob plant
  8394 | D:11     | Found a staircase to the Lair.
  8506 | D:11     | Noticed an oklob plant
  8506 | D:11     | Noticed an oklob plant
  8630 | D:11     | Noticed a four-headed hydra
  8640 | D:11     | Killed an eight-headed hydra
  9007 | D:12     | Noticed a two-headed ogre
  9013 | D:12     | Killed a two-headed ogre
  9044 | D:12     | Reached XP level 12. HP: 99/99 MP: 4/12
  9123 | D:12     | Reached skill level 10 in Long Blades
  9155 | D:12     | Received a gift from Trog
  9325 | D:12     | Noticed a two-headed ogre
  9333 | D:12     | Killed a two-headed ogre
  9333 | D:12     | Reached skill level 11 in Fighting
  9359 | D:12     | Reached skill level 10 in Armour
  9385 | D:12     | Noticed a four-headed hydra
  9393 | D:12     | Killed a one-headed hydra
  9470 | D:12     | Noticed a centaur warrior
  9474 | D:12     | Killed a centaur warrior
  9477 | D:12     | Noticed a tengu warrior
  9485 | D:12     | Killed a tengu warrior
  9490 | D:12     | Noticed a seven-headed hydra
  9496 | D:12     | Killed a four-headed hydra
  9522 | D:12     | Noticed a frost giant
  9527 | D:12     | Killed a frost giant
 10029 | D:13     | Received a gift from Trog
 10078 | D:13     | Noticed a vault guard
 10078 | D:13     | Noticed a vault guard
 10090 | D:13     | Killed a vault guard
 10101 | D:13     | Killed a vault guard
 10116 | D:13     | Reached XP level 13. HP: 107/107 MP: 4/13
 10139 | D:13     | Found a gate to the Vaults.
 10594 | D:14     | Reached skill level 12 in Fighting
 10693 | D:14     | Noticed a fire giant
 10703 | D:14     | Killed a fire giant
 10774 | D:14     | Noticed an ettin
 10990 | Orc:1    | Entered Level 1 of the Orcish Mines
 11038 | Orc:1    | Noticed an ettin
 11046 | Orc:1    | Killed an ettin
 11050 | Orc:1    | Received a gift from Trog
 11050 | Orc:1    | HP: 5/162 [orc wizard/puff of flame (9)]
 11052 | Orc:1    | Paralysed by an orc sorcerer for 4 turns
 11057 | Orc:1    | Killed from afar by an orc sorcerer

Levels and vault maps discovered:
D:1:      minmay_arrival_three_doors, layout_basic
D:2:      layout_basic
D:3:      layout_loops_cross, lemuel_round_altar, first_ration,
          trog_three_pillars_becter
D:4:      layout_basic, uniq_pikel
D:5:      layout_loops_ring, minmay_temple_entry_waves, gup_sewer_entry_bowl,
          uniq_menkaure
D:6:      layout_loops_ring, nicolae_overflow_crystal_walls, uniq_eustachio
D:7:      layout_basic, lemuel_round_altar, eat_drink_and_be_merry_uskayaw
D:8:      minmay_the_grid_square_5x5_3x3 [minmay_the_grid_square_5x5_spiral,
          minmay_the_grid_square_5x5_minimal,
          minmay_the_grid_square_5x5_checkered_statues,
          minmay_the_grid_square_5x5_tetrominoes,
          minmay_the_grid_square_5x5_megaprize_diamond,
          minmay_the_grid_square_5x5_checkered,
          minmay_the_grid_square_5x5_sharp_hourglass,
          minmay_the_grid_square_5x5_inverted_slash,
          minmay_the_grid_square_5x5_mess], layout_gridville,
          lemuel_doored_altar, nicolae_overflow_hidden_temple
D:9:      layout_irregular_city, the_bakery
D:10:     layout_cave_pools, serial_bayou_pond_b, uniq_erica
D:11:     layout_basic, dpeg_oklobed_lair, david_orc_3
D:12:     layout_stronghold, minmay_evil_grid
D:13:     layout_long_grid, ximxim_vaults_locker_room, minmay_lizard_king
D:14:     layout_rooms, tso_altar, serial_shops, shop, hangedman_corner_corridor
Orc:1:    layout_caves

Skill      XL: |  1  2  3  4  5  6  7  8  9 10 11 12 13 |
---------------+----------------------------------------+-----
Armour         | 2 3 4 5 6 7 8 9 10 11 | 11.1
Long Blades    | 3 4 5 6 7 8 9 10 11 | 11.3
Fighting       | 4 5 6 7 8 9 10 11 12 | 12.2
Dodging        | 2 4 6 7 9 |  9.7

Action                   |  1- 3 |  4- 6 |  7- 9 | 10-12 | 13-15 || total
-------------------------+-------+-------+-------+-------+-------++-------
Melee: Falchion          |   140 |   194 |   367 |       |       ||   701
       Great sword       |       |       |    94 |   172 |     2 ||   268
       Kick              |       |       |    39 |   263 |    60 ||   362
       Triple sword      |       |       |       |   336 |   108 ||   444
Invok: Berserk           |       |     1 |     2 |     3 |     1 ||     7
  Use: Scroll            |       |     5 |     4 |     2 |       ||    11
 Stab: Sleeping          |       |       |     3 |     2 |       ||     5
  Eat: Chunk             |     1 |     5 |     9 |    20 |     3 ||    38
       Ration            |       |       |     2 |       |       ||     2
Armor: Animal skin       |     2 |       |       |       |       ||     2
       Ring mail         |    59 |    65 |    88 |       |       ||   212
       Leather armour    |       |       |   135 |   319 |    61 ||   515
Dodge: Dodged            |   118 |   116 |   367 |   675 |   151 ||  1427
       Rpst.: Falchion   |    46 |    34 |    81 |       |       ||   161
       Great sword       |       |       |    21 |    51 |     1 ||    73
       Triple sword      |       |       |       |   100 |    28 ||   128

Table legend:
 A = Non-vault XP
 B = Vault XP
 C = Vault XP percentage of total XP
 D = Non-vault monster count
 E = Vault monster count
 F = Vault count percentage of total count
                 A         B        C        D         E       F
            +---------+---------+-------+---------+---------+-------
      Total |   29738 |   17565 |  37.1 |     360 |     112 |  23.7
            +---------+---------+-------+---------+---------+-------
        D:1 |      39 |       0 |   0.0 |      21 |       0 |   0.0
        D:2 |      78 |       0 |   0.0 |      21 |       0 |   0.0
        D:3 |     272 |       0 |   0.0 |      30 |       0 |   0.0
        D:4 |     251 |     641 |  71.9 |      11 |       1 |   8.3
        D:5 |     478 |     186 |  28.0 |      11 |       3 |  21.4
        D:6 |     411 |     214 |  34.2 |       9 |       1 |  10.0
        D:7 |     633 |       0 |   0.0 |      17 |       0 |   0.0
        D:8 |    3161 |     959 |  23.3 |      25 |      17 |  40.5
        D:9 |    1957 |     224 |  10.3 |      36 |       1 |   2.7
       D:10 |    2607 |    1115 |  30.0 |      35 |       4 |  10.3
       D:11 |    5980 |     461 |   7.2 |      40 |       5 |  11.1
       D:12 |    7325 |    6857 |  48.4 |      56 |       9 |  13.8
       D:13 |     655 |    4288 |  86.7 |      15 |      20 |  57.1
       D:14 |    4204 |    2365 |  36.0 |      14 |       3 |  17.6
      Orc:1 |    1687 |       0 |   0.0 |      19 |       0 |   0.0
      Sewer |       0 |     255 | 100.0 |       0 |      48 | 100.0
            +---------+---------+-------+---------+---------+-------
